 Dungeon Crawl Stone Soup version 0.30-a0-777-ga9a30cbeda (webtiles) character file.

Game seed: 8772845189724158736

12716 Hubris850 the Severer (level 11, -8/84 HPs)
             Began as a Minotaur Berserker on Feb 13, 2023.
             Was a High Priest of Trog.
             Mangled by a skeletal warrior
             ... wielding a +0 hand axe
              (13 damage)
             ... on level 11 of the Dungeon.
             The game lasted 00:21:35 (10074 turns).

Hubris850 the Severer (Minotaur Berserker)         Turns: 10074, Time: 00:21:36

Health: -8/84      AC: 10    Str: 25    XL:     11   Next: 66%
Magic:  10/10      EV: 26    Int:  4    God:    Trog [*****.]
Gold:   837        SH:  0    Dex: 11    Spells: 10/10 levels left

rFire   . . .      SeeInvis .    i - +3 battleaxe (flame)
rCold   + . .      Faith    .    (shield currently unavailable)
rNeg    . . .      Spirit   .    P - +3 ring mail {rC+}
rPois   +          Reflect  .    (helmet restricted)
rElec   .          Harm     .    o - scarf {repulsion}
rCorr   .          Rampage  .    (no gloves)
Will    .....                    f - +0 pair of boots
Stlth   +                        q - amulet of the acrobat
HPRegen 0.34/turn                C - ring of poison resistance
MPRegen 0.12/turn                (no ring)

@: acrobatic, repel missiles
A: horns 2, retaliatory headbutt
a: Renounce Religion, Berserk, Trog's Hand, Brothers in Arms


You were on level 11 of the Dungeon.
You worshipped Trog.
Trog was extremely pleased with you.
You visited 1 branch of the dungeon, and saw 11 of its levels.

You collected 837 gold pieces.

Inventory:

Hand Weapons
 a - a +0 hand axe
 c - the +1 hand axe of Hubris {venom, rF+}
   (You found it on level 7 of the Dungeon)

   rF:        It protects you from fire.
 i - a +3 battleaxe of flaming (weapon)
 J - a +1 war axe of venom
Missiles
 B - 6 boomerangs (quivered)
 H - 24 poisoned darts
 L - 4 datura-tipped darts
 O - 2 curare-tipped darts
Armour
 b - a +0 animal skin
 f - a +0 pair of boots (worn)
 k - an orb of guile
 o - a scarf of repulsion (worn)
 y - a +0 ring mail
 P - a +3 ring mail of cold resistance (worn)
Jewellery
 q - an amulet of the acrobat (around neck)
 w - an amulet of reflection
 x - a ring of fire
 z - a ring of fire
 C - a ring of poison resistance (left hand)
 D - a ring of ice
 K - a ring of positive energy
Wands
 N - a wand of flame (14)
Scrolls
 d - 2 scrolls of butterflies
 g - 4 scrolls of fear
 h - a scroll of blinking
 l - a scroll of brand weapon
 u - 6 scrolls of teleportation
 v - a scroll of torment
 A - 2 scrolls of poison
 F - a scroll of fog
Potions
 e - a potion of invisibility
 j - 2 potions of heal wounds
 m - 2 potions of attraction
 n - 2 potions of mutation
 p - 7 potions of curing
 r - 4 potions of flight
 s - a potion of haste
 t - a potion of resistance
 E - a potion of magic
 G - a potion of might
 I - a potion of lignification {unknown}
 M - a potion of brilliance {unknown}


   Skills:
 - Level 4.0 Fighting
 + Level 19.1 Axes
 - Level 8.0 Throwing
 - Level 6.0 Armour
 - Level 2.2 Dodging


You had 10 spell levels left.
You didn't know any spells.
Your spell library was empty.

Dungeon Overview and Level Annotations

Branches:
Dungeon (11/15)            Temple (0/1) D:5            Lair (0/5) D:9
    Orc: D:9-12

Altars:
Ashenzari
Cheibriados
Dithmenos
Elyvilon
Kikubaaqudgha
Makhleb
Okawaru
Qazlal
Sif Muna
Uskayaw
Wu Jian
Yredelemnul
Zin

Shops:
D:6 *   D:9 =


Innate Abilities, Weirdness & Mutations

You have a pair of horns on your head.
You reflexively headbutt those who attack you in melee.


Message History

You now have 788 gold pieces (gained 17).
Q - a scroll of identify
As you read the scroll of identify, it crumbles to dust.
t - a potion of resistance You now have 807 gold pieces (gained 19).
Q - a scroll labelled JEAJ JINEOCUEN
As you read the scroll labelled JEAJ JINEOCUEN, it crumbles to dust.
You feel aware of your surroundings.
It was a scroll of magic mapping.
There is an escape hatch in the ceiling here.
Found a leather armour.
You see here a +0 leather armour.
Found a leather armour.
Found a book of Geomancy.
Found a stone staircase leading down.
You now have 819 gold pieces (gained 12).
Found a scroll of vulnerability.
You open the door.
There is an open door here.
You now have 837 gold pieces (gained 18).
A skeletal warrior comes into view. It is wielding a +0 hand axe.
Found a stone staircase leading down.
A skeletal warrior comes into view. It is wielding a +0 glaive.
A skeletal warrior comes into view. It is wielding a +0 short sword.
Found a broad axe.
The skeletal warrior attacks as you move away!
The skeletal warrior hits you with a +0 hand axe!!
You barely miss the skeletal warrior.
You hit the skeletal warrior but do no damage.
The skeletal warrior hits you with a +0 hand axe!
The skeletal warrior hits you with a +0 glaive!!
You barely miss the skeletal warrior.
You hit the skeletal warrior but do no damage. x2
The skeletal warrior hits you with a +0 hand axe.
The skeletal warrior closely misses you.
The skeletal warrior hits you with a +0 short sword!
* * * LOW HITPOINT WARNING * * *
The skeletal warrior attacks as you move away!
The skeletal warrior hits you with a +0 short sword!
* * * LOW HITPOINT WARNING * * *
The skeletal warrior hits you with a +0 hand axe!
You die...

******,*<*,********** #.....
*,,,**,*,*,,,,**,,,,* #.....
*,*,,,,*,****,*,,,,,* #....~
*,******,****,*,,,,,* ###.~~
**,,,.,,*,,,,,,,,,,,** #...
*,,,,...,*##**,**,*****####...
*,,,>....##.,,,,,,,,,,........
*,,,,......z###******,........
*,,,,..>...z.@## *.......##
*,,,,....####z.### #.......##
*,,,,),,,* ##...# #.........
*,,,,,,,,* ###.####.........
********** #...##.........
###.##......... #.##.......##
#.##.......# #.....####**


You could see 3 skeletal warriors.

Vanquished Creatures
  2 two-headed ogres
  Pikel (D:5)
  A cyclops (D:11)
  Joseph (D:7)
  Psyche (D:10)
  2 kobold demonologists (D:9)
  2 trolls (D:10)
  A hornet (D:8)
  2 wraiths
  14 yaks
  6 wyverns
  A basilisk (D:9)
  2 vampire mosquitoes (D:11)
  Edmund (D:6)
  5 water moccasins
  An ice beast (D:6)
  A black bear (D:6)
  5 orc warriors
  A sky beast (D:8)
  An ogre (D:6)
  3 centaurs
  3 lemures (D:5)
  5 kobold brigands
  2 bullfrogs
  A necrophage (D:6)
  3 scorpions
  11 wights
  8 howler monkeys
  4 jellies
  4 hounds
  8 orc priests
  A gnoll bouda (D:10)
  Natasha (twice) (D:4)
  An iguana (D:6)
  11 orc wizards
  6 adders
  6 gnolls
  A white imp (D:7)
  An ufetubus (D:5)
  A dart slug (D:4)
  35 orcs
  7 ball pythons
  10 endoplasms
  5 giant cockroaches
  A goblin (D:1)
  4 hobgoblins
  6 jackals
  21 kobolds
  3 quokkas
  3 bats (D:1)
  6 frilled lizards
  5 rats
239 creatures vanquished.

Vanquished Creatures (collateral kills)
  A two-headed ogre (D:10)
  3 yaks (D:10)
4 creatures vanquished.

Vanquished Creatures (others)
  5 fungi
  7 plants (D:9)
12 creatures vanquished.

Grand Total: 255 creatures vanquished

Notes
Turn   | Place    | Note
-------+----------+-------------------------------------------
     0 | D:1      | Hubris850 the Minotaur Berserker began the quest for the
                  | Orb.
     0 | D:1      | Reached XP level 1. HP: 19/19 MP: 0/0
   113 | D:1      | Reached XP level 2. HP: 15/27 MP: 1/1
   291 | D:1      | Reached skill level 4 in Axes
   493 | D:1      | Reached ** piety under Trog
   627 | D:2      | Reached XP level 3. HP: 32/33 MP: 2/2
  1439 | D:3      | Reached XP level 4. HP: 40/40 MP: 3/3
  1714 | D:3      | Reached skill level 5 in Axes
  1872 | D:3      | Found a faded altar of an unknown god.
  1914 | D:3      | Found a broken altar of Ashenzari.
  2044 | D:4      | Noticed Natasha
  2048 | D:4      | Killed Natasha
  2088 | D:4      | Reached XP level 5. HP: 44/46 MP: 4/4
  2436 | D:4      | Reached skill level 1 in Throwing
  2436 | D:4      | Reached skill level 5 in Armour
  2583 | D:4      | Reached XP level 6. HP: 39/52 MP: 5/5
  2586 | D:4      | Reached skill level 6 in Axes
  2695 | D:4      | Reached *** piety under Trog
  2729 | D:4      | Found a white marble altar of Elyvilon.
  2730 | D:4      | Noticed Natasha
  2738 | D:4      | Killed Natasha
  2784 | D:4      | Found a hide-covered altar of Uskayaw.
  2849 | D:5      | Entered Level 5 of the Dungeon
  3039 | D:5      | Reached XP level 7. HP: 59/59 MP: 6/6
  3069 | D:5      | Found a staircase to the Ecumenical Temple.
  3231 | D:5      | Found an ancient bone altar of Kikubaaqudgha.
  3328 | D:5      | Reached skill level 7 in Axes
  3377 | D:5      | Noticed Pikel
  3393 | D:5      | Killed Pikel
  3394 | D:5      | Reached skill level 8 in Axes
  3394 | D:5      | Reached skill level 5 in Throwing
  3394 | D:5      | Reached XP level 8. HP: 11/66 MP: 7/7
  3608 | D:5      | Found a shimmering blue altar of Sif Muna.
  3617 | D:5      | Found a snail-covered altar of Cheibriados.
  3736 | D:5      | Found an ornate altar of the Wu Jian Council.
  3829 | D:5      | Found a burning altar of Makhleb.
  3997 | D:6      | Noticed Edmund
  4004 | D:6      | Reached skill level 9 in Axes
  4010 | D:6      | Killed Edmund
  4387 | D:6      | Reached skill level 10 in Axes
  4496 | D:6      | Reached XP level 9. HP: 60/71 MP: 8/8
  4787 | D:6      | Found Ufugoz's Gadget Gallery.
  5070 | D:7      | Noticed Joseph
  5087 | D:7      | Killed Joseph
  5088 | D:7      | Reached skill level 11 in Axes
  5426 | D:7      | Identified the +1 hand axe of Hubris {venom, rF+}
  5467 | D:7      | Reached **** piety under Trog
  5854 | D:7      | Reached skill level 12 in Axes
  6632 | D:8      | Reached skill level 13 in Axes
  6642 | D:8      | Reached XP level 10. HP: 73/78 MP: 9/9
  6744 | D:8      | Noticed a two-headed ogre
  6851 | D:8      | Killed a two-headed ogre
  6852 | D:8      | Reached skill level 14 in Axes
  7271 | D:8      | Found an iron altar of Okawaru.
  7442 | D:9      | Noticed a sixfirhy
  7445 | D:9      | Noticed a soul eater
  7448 | D:9      | Noticed a sun demon
  7450 | D:9      | Reached skill level 15 in Axes
  7802 | D:9      | Found a staircase to the Lair.
  8013 | D:9      | Reached skill level 16 in Axes
  8204 | D:9      | Reached ***** piety under Trog
  8234 | D:9      | Found Jurghu's Jewellery Boutique.
  8241 | D:9      | Reached XP level 11. HP: 79/84 MP: 10/10
  8314 | D:9      | Reached skill level 17 in Axes
  8418 | D:9      | Noticed a two-headed ogre
  8424 | D:9      | Killed a two-headed ogre
  8780 | D:10     | Entered Level 10 of the Dungeon
  8928 | D:10     | Found a stormy altar of Qazlal.
  9243 | D:10     | Found a glowing silver altar of Zin.
  9243 | D:10     | Found a basalt altar of Yredelemnul.
  9308 | D:10     | Found a shadowy altar of Dithmenos.
  9403 | D:10     | Noticed Psyche
  9410 | D:10     | Killed Psyche
  9430 | D:10     | Noticed a two-headed ogre
  9441 | D:10     | Reached skill level 18 in Axes
  9443 | D:10     | Killed a two-headed ogre
  9916 | D:11     | Reached skill level 19 in Axes
 10066 | D:11     | Noticed a skeletal warrior
 10066 | D:11     | Noticed a skeletal warrior
 10067 | D:11     | Noticed a skeletal warrior
 10074 | D:11     | Mangled by a skeletal warrior

Illustrated notes

Levels and vault maps discovered:
D:1:      dpeg_arrival_pits, layout_rooms
D:2:      layout_loops_cross
D:3:      layout_loops_ring, mainiacjoe_overflow_alcove_2,
          shapermc_ecumenical_altar_pompeii, grunt_ministairs_8,
          amcnicky_mini_corridor_feature, minmay_misc_feat_square
D:4:      layout_loops_ring, mainiacjoe_overflow_two_lobes, uniq_natasha
D:5:      layout_gridville, kennysheep_mini, mainiacjoe_overflow_catch_the_wave,
          mainiacjoe_overflow_alcove_1, amcnicky_altar_gilded,
          minmay_temple_entry_antechambers, uniq_pikel
D:6:      layout_basic, chequers_decorated_corner, hangedman_decor_slide_cut,
          nicolae_shop_gadgets, uniq_edmund
D:7:      layout_layer_cave, uniq_joseph
D:8:      layout_cave_pools, okawaru_altar_gauntlet_db
D:9:      layout_long_grid, minmay_lair_entry_grove, serial_shops, shop,
          minmay_statues_item
D:10:     layout_roguey, old_standard_altar, grunt_dithmenos_smoke,
          gammafunk_temple_overflow_statue, uniq_psyche
D:11:     layout_basic

Skill      XL: |  1  2  3  4  5  6  7  8  9 10 11 |
---------------+----------------------------------+-----
Fighting       | 4 |  4.0
Axes           | 4 5 6 8 10 13 16 19 | 19.1
Armour         | 3 4 5 6 |  6.0
Throwing       | 1 2 5 7 8 |  8.0
Dodging        | |  2.2

Action                     |  1- 3 |  4- 6 |  7- 9 | 10-12 || total
---------------------------+-------+-------+-------+-------++-------
  Melee: Hand axe          |    68 |    92 |   163 |       ||   323
         Headbutt          |     6 |    12 |    51 |    26 ||    95
         Punch             |       |       |     4 |       ||     4
         War axe           |       |       |    68 |    18 ||    86
         Battleaxe         |       |       |       |   191 ||   191
  Throw: Boomerang         |       |     6 |    14 |     3 ||    23
         Dart              |       |       |     1 |       ||     1
 Invoke: Berserk           |       |     2 |     5 |       ||     7
         Trog's Hand       |       |       |       |     1 ||     1
         Brothers in Arms  |       |       |       |     1 ||     1
    Use: Scroll            |       |       |    14 |     8 ||    22
         Potion            |       |       |     2 |     2 ||     4
 Armour: Animal skin       |    11 |       |       |       ||    11
         Ring mail         |       |    23 |    73 |    59 ||   155
  Dodge: Dodged            |    46 |    65 |   126 |   105 ||   342
         Repelled          |       |       |     3 |       ||     3

Table legend: (Time is in decaauts)
 A = Elapsed time spent in this place.
 B = Non-inter-level travel time spent in this place.
 C = Inter-level travel time spent in this place.
 D = Time resting spent in this place.
 E = Time spent auto-exploring this place.
 F = Levels seen in this place.
 G = Mean time per level.
                   A        B        C        D        E       F      G
               +--------+--------+--------+--------+--------+-----+--------+
         Total |  10096 |   9937 |    159 |   1775 |   6628 |  11 |  917.8 |
       Dungeon |  10096 |   9937 |    159 |   1775 |   6628 |  11 |  917.8 |
               +--------+--------+--------+--------+--------+-----+--------+

Top non-repeatable levels by time:
     D:7: 1763 daAuts
     D:9: 1354 daAuts
     D:5: 1038 daAuts
     D:6: 1008 daAuts
     D:4: 924 daAuts
    D:10: 852 daAuts
     D:8: 761 daAuts
     D:3: 737 daAuts
     D:1: 624 daAuts
     D:2: 587 daAuts
    D:11: 443 daAuts
